 Dungeon Crawl Stone Soup version 0.27-a0-1557-g57f10a385c (webtiles) character file.

Game seed: 1593861087166103430

4832 quinnr the Destroyer (level 10, -13/58 HPs)
             Began as a Tengu Fire Elementalist on July 16, 2021.
             Was a Follower of Vehumet.
             Killed by the air
             ... invoked by Gastronok
              (31 damage)
             ... on level 8 of the Dungeon.
             The game lasted 00:31:17 (12534 turns).

quinnr the Destroyer (Tengu Fire Elementalist)     Turns: 12534, Time: 00:31:18

Health: -13/58     AC:  3    Str:  8    XL:     10   Next: 49%
Magic:  15/26      EV: 21    Int: 19    God:    Vehumet [*.....]
Gold:   486        SH:  0    Dex: 15    Spells: 4/17 levels left

rFire    . . .     SeeInvis .   e - +1 lajatang (venom)
rCold    . . .     Faith    .   (shield currently unavailable)
rNeg     . . .     Spirit   .   a - +1 robe
rPois    .         Reflect  .   (helmet restricted)
rElec    .         Harm     .   (no cloak)
rCorr    .         Rampage  .   (no gloves)
Will     .....                  (boots unavailable)
Stlth    +++.......             (no amulet)
HPRegen  0.19/turn              l - ring of magical power
MPRegen  0.20/turn              r - +4 ring of evasion

@: flying quickly and evasively, quick
A: beak, talons 3, nimble flight
a: Renounce Religion


You were on level 8 of the Dungeon.
You worshipped Vehumet.
Vehumet was aware of your devotion.
You visited 2 branches of the dungeon, and saw 9 of its levels.
You also visited: Sewer.

You collected 486 gold pieces.

Inventory:

Hand Weapons
 e - a +1 lajatang of venom (weapon)
 k - a +0 flail
 y - a +5 scimitar
Missiles
 f - a throwing net
 i - 26 poisoned darts
 j - 3 javelins
Armour
 a - a +1 robe (worn)
Magical Staves
 n - a staff of earth
Jewellery
 l - a ring of magical power (left hand)
 r - a +4 ring of evasion (right hand)
Wands
 h - a wand of acid (7)
 s - a wand of digging (5)
 u - a wand of flame (41)
 w - a wand of polymorph (7)
Scrolls
 m - 3 scrolls of enchant armour
 o - a scroll of fear {unknown}
 p - 2 scrolls of teleportation
 v - a scroll of blinking
Potions
 b - a potion of degeneration {unknown}
 c - a potion of mutation
 d - a potion of flight
 g - a potion of haste
 q - a potion of brilliance
 t - 2 potions of lignification {unknown}
 x - a potion of heal wounds


   Skills:
 + Level 4.9 Fighting
 - Level 1.0 Staves
 - Level 2.0 Armour
 - Level 5.0 Dodging
 - Level 5.0 Stealth
 - Level 4.0 Spellcasting
 + Level 12.7 Conjurations
 + Level 8.1 Fire Magic


You had 4 spell levels left.
You knew the following spells:

 Your Spells              Type           Power      Damage    Failure   Level
a - Foxfire               Conj/Fire      100%       2x1d9     1%          1
b - Conjure Flame         Conj/Fire      43%        6-21      1%          3
c - Sticky Flame          Conj/Fire      43%        2d6       1%          4
d - Fireball              Conj/Fire      21%        3d10      5%          5

Your spell library contained the following spells:

 Spells                   Type           Power      Damage    Failure   Level
 Shock                    Conj/Air       100%       1d9       1%          1
 Inner Flame              Hex/Fire       19%        N/A       8%          3
 Hailstorm                Conj/Ice       28%        3d8       10%         4
 Freeze                   Ice            12%        1d4       14%         1
 Sting                    Tmut/Pois      12%        1d3       14%         1
 Poisonous Vapours        Pois/Air       6%         N/A       21%         2
 Frozen Ramparts          Ice            6%         1d2       38%         3
 Ozocubu's Armour         Ice            3%         N/A       38%         3
 Olgreb's Toxic Radiance  Pois           3%         N/A       80%         4
 Alistair's Intoxication  Tmut/Pois      2%         N/A       98%         5
 Borgnjor's Vile Clutch   Necr/Erth      1%         N/A       98%         5
 Metabolic Englaciation   Hex/Ice        1%         N/A       98%         5
 Eringya's Noxious Bog    Tmut/Pois      1%         N/A       100%        6
 Simulacrum               Ice/Necr       1%         N/A       100%        6


Dungeon Overview and Level Annotations

Branches:
Dungeon (8/15)             Temple (1/1) D:5            Lair (0/6) D:8
  Sewer (visited)

Altars:
Ashenzari
Cheibriados
Dithmenos
Elyvilon
Fedhas
Gozag
Hepliaklqana
Kikubaaqudgha
Makhleb
Nemelex Xobeh
Okawaru
Qazlal
Ru
Sif Muna
Trog
Uskayaw
Vehumet
Wu Jian
Xom
Yredelemnul
Zin
The Shining One

Shops:
D:8 (

Annotations:
D:8 Gastronok


Innate Abilities, Weirdness & Mutations

You have a beak for a mouth.
You have claws for feet.
Your magical nature lets you fly swiftly and evasively.


Message History

You peck Gastronok, but do no damage.
Gastronok is severely wounded.
The foxfire hits Gastronok.
Gastronok is severely wounded.
The foxfire hits Gastronok.
Gastronok is severely wounded.
Gastronok bites you!!
You completely miss Gastronok. You claw Gastronok, but do no damage.
You peck Gastronok.
Gastronok is severely wounded.
Gastronok bites you!!
* * * LOW HITPOINT WARNING * * *
Unknown command.
You slash Gastronok! You claw Gastronok.
Gastronok is almost dead.
Unknown command.
You are too injured to fight recklessly!
Unknown command.
Gastronok chants a spell, wobbling all the while.
Casting: Foxfire (safe; 1% risk of failure)
Confirm with . or Enter, or press ? or * to list all spells.
You conjure some foxfire!
The foxfire hits the quokka.
You kill the quokka!
The quokka's corpse disappears in a puff of smoke!
The quokka closely misses you.
Unknown command.
The foxfire hits the quokka.
You kill the quokka!
The quokka's corpse disappears in a puff of smoke!
Gastronok mumbles some strange words.
You feel sluggish.
Unknown command.
There is an open door here.
Casting: Foxfire (safe; 1% risk of failure)
Confirm with . or Enter, or press ? or * to list all spells.
You conjure some foxfire!
Gastronok waves his eye-stalks in wide circles.
The air twists around and strikes you!!
Ouch! That really hurt!
You die...

#.... ## #....# ..# #....# ..#
#....############'####
#.....................
#.....................
#.....................
#..............v...... ...#+##
#.......######@#######'#.....#
#.......# #v..rw§...'.....#
#.......# #.........#.....#
#<......# #.....§...#.....#
###.......# ###.#######.....##
...########. #'# #.........>.
...@...§§@.. ... #...........
...#..§§l.z. ....#...........
...#§§§..##. ######...........


You could see Gastronok (swift, ally target) and a rat (summoned).

Vanquished Creatures
  A skeletal warrior (D:7)
  Maurice (D:8)
  An elephant (D:7)
  A yak (D:8)
  A steam dragon (D:8)
  A basilisk (D:8)
  4 water moccasins
  A sky beast (D:6)
  2 orc warriors (D:7)
  6 black bears
  4 ogres
  4 centaurs
  2 bullfrogs
  A scorpion (D:7)
  A water moccasin zombie (D:5)
  5 wights (D:8)
  4 killer bees (D:4)
  3 howler monkeys (D:8)
  A bullfrog zombie (D:6)
  A centaur zombie (D:6)
  An orc priest (D:4)
  2 hounds (D:5)
  A centaur skeleton (D:6)
  A jelly (D:6)
  2 bullfrog skeletons (D:5)
  2 iguanas (D:6)
  3 orc wizards
  A killer bee zombie (D:8)
  A mummy (D:7)
  A howler monkey zombie (D:5)
  3 adders
  A howler monkey skeleton (D:7)
  A shadow imp (D:7)
  A dart slug (D:3)
  17 orcs
  6 ball pythons
  7 endoplasms
  2 giant cockroaches (D:3)
  4 goblins
  5 hobgoblins
  8 jackals
  10 kobolds
  3 quokkas
  8 bats
  3 frilled lizards
  A jackal skeleton (D:4)
  3 rats
143 creatures vanquished.

Vanquished Creatures (others)
  882 foxfires
  3 fungi (D:8)
885 creatures vanquished.

Grand Total: 1028 creatures vanquished

Notes
Turn   | Place    | Note
-------+----------+-------------------------------------------
     0 | D:1      | quinnr the Tengu Fire Elementalist began the quest for the
                  | Orb.
     0 | D:1      | Reached XP level 1. HP: 10/10 MP: 4/4
   511 | D:1      | Reached XP level 2. HP: 15/15 MP: 3/6
  1170 | D:2      | Reached XP level 3. HP: 19/19 MP: 4/7
  1315 | D:2      | Found a faded altar of an unknown god.
  1699 | D:2      | Reached skill level 5 in Fire Magic
  2417 | D:3      | Reached XP level 4. HP: 24/24 MP: 6/8
  2419 | D:3      | Found a glowing drain.
  2431 | Sewer    | Entered a sewer
  2558 | Sewer    | Noticed a water moccasin
  2570 | Sewer    | Killed a water moccasin
  2571 | Sewer    | Gained mutation: Your magical nature lets you fly swiftly
                  | and evasively. [Tengu growth]
  2571 | Sewer    | Reached XP level 5. HP: 3/28 MP: 2/9
  3448 | D:3      | Reached skill level 2 in Conjurations
  3448 | D:3      | Reached XP level 6. HP: 33/33 MP: 10/10
  3453 | D:3      | Learned a level 3 spell: Conjure Flame
  3931 | D:4      | Reached skill level 1 in Fighting
  3931 | D:4      | Reached skill level 3 in Conjurations
  4588 | D:5      | Entered Level 5 of the Dungeon
  4676 | D:5      | Reached skill level 4 in Conjurations
  4676 | D:5      | Reached XP level 7. HP: 39/39 MP: 11/11
  4905 | D:5      | Found a staircase to the Ecumenical Temple.
  4916 | Temple   | Entered the Ecumenical Temple
  5328 | Temple   | Became a worshipper of Vehumet
  5474 | D:5      | HP: 1/40 [bullfrog skeleton (5)]
  5894 | D:6      | Reached skill level 1 in Staves
  5935 | D:6      | Reached skill level 5 in Conjurations
  6379 | D:6      | Reached skill level 6 in Conjurations
  6379 | D:6      | Reached XP level 8. HP: 46/46 MP: 12/12
  6384 | D:6      | Reached skill level 7 in Conjurations
  6728 | D:7      | Reached skill level 8 in Conjurations
  6804 | D:7      | Reached skill level 9 in Conjurations
  7160 | D:7      | Reached skill level 10 in Conjurations
  7533 | D:7      | Reached XP level 9. HP: 50/50 MP: 13/13
  7667 | D:7      | Reached skill level 11 in Conjurations
  7757 | D:7      | Found a snail-covered altar of Cheibriados.
  8406 | D:5      | Reached skill level 12 in Conjurations
  9045 | D:4      | Learned a level 4 spell: Sticky Flame
  9054 | D:4      | Reached skill level 1 in Armour
  9506 | D:8      | Noticed an elephant
  9761 | D:8      | HP: 4/51 [elephant (4)]
  9763 | D:7      | Killed an elephant
 10119 | D:8      | Found a staircase to the Lair.
 10304 | D:8      | Learned a level 5 spell: Fireball
 10334 | D:8      | Reached XP level 10. HP: 23/56 MP: 13/15
 11447 | D:8      | Found Homah's Weapon Shop.
 11544 | D:8      | Reached * piety under Vehumet
 11544 | D:8      | Offered knowledge of Shock by Vehumet.
 11579 | D:8      | Noticed a skeletal warrior
 11579 | D:8      | Noticed Maurice
 11726 | D:8      | Killed Maurice
 12269 | D:8      | Noticed a skeletal warrior
 12269 | D:8      | Noticed a skeletal warrior
 12269 | D:8      | Noticed a skeletal warrior
 12271 | D:8      | Noticed a skeletal warrior
 12403 | D:7      | Killed a skeletal warrior
 12404 | D:7      | Reached skill level 5 in Dodging
 12404 | D:7      | Reached skill level 5 in Stealth
 12511 | D:8      | Noticed Gastronok
 12534 | D:8      | Killed from afar by Gastronok

Illustrated notes

Levels and vault maps discovered:
D:1:      dpeg_arrival_orchard, layout_loops_corners, minmay_tetromino_o4
D:2:      layout_rooms, ebering_ecumenical_altar_box,
          minmay_misc_feat_secret_circle
D:3:      layout_loops_ring, cheibrodos_sewer_entry_drain
D:4:      minmay_chambers_of_twos, layout_gridville, hangedman_decor_riveting,
          minmay_misc_feat_doors
D:5:      layout_gridville, minmay_temple_entry_glassed_door,
          minmay_statues_item
D:6:      layout_basic
D:7:      layout_loops_ring, slow_altar_1
D:8:      layout_gridville, david_lair_generic, serial_shops, shop,
          uniq_gastronok, uniq_maurice
Temple:   nicolae_temple_the_god_donut

Skill      XL: |  1  2  3  4  5  6  7  8  9 10 |
---------------+-------------------------------+-----
Fire Magic     | 4 5 6 7 8 |  8.1
Conjurations   | 2 4 6 10 12 | 12.7
Fighting       | 1 3 4 |  4.9
Staves         | 1 |  1.0
Stealth        | 3 4 5 |  5.0
Dodging        | 3 4 5 |  5.0
Armour         | 2 |  2.0
Spellcasting   | 3 4 |  4.0

Action                   |  1- 3 |  4- 6 |  7- 9 | 10-12 || total
-------------------------+-------+-------+-------+-------++-------
Melee: Unarmed           |     6 |     1 |       |       ||     7
       Lajatang          |       |    16 |     7 |     5 ||    28
       Kick              |       |     4 |     1 |     3 ||     8
       Peck              |       |     3 |     1 |     2 ||     6
 Cast: Foxfire           |    75 |   109 |   224 |   114 ||   522
       Conjure Flame     |       |     1 |    11 |     6 ||    18
       Sticky Flame      |       |       |     4 |       ||     4
Evoke: Wand              |       |       |     2 |       ||     2
  Use: Scroll            |     2 |       |     7 |     2 ||    11
       Potion            |       |     2 |     2 |     1 ||     5
Armor: Robe              |     8 |     5 |    15 |    11 ||    39
Dodge: Dodged            |    28 |    23 |    89 |    23 ||   163

Table legend: (Time is in decaauts)
 A = Elapsed time spent in this place.
 B = Non-inter-level travel time spent in this place.
 C = Inter-level travel time spent in this place.
 D = Time resting spent in this place.
 E = Time spent auto-exploring this place.
 F = Levels seen in this place.
 G = Mean time per level.
                   A        B        C        D        E       F      G
               +--------+--------+--------+--------+--------+-----+--------+
         Total |  12140 |  11588 |    552 |   3466 |   6646 |  10 | 1214.0 |
       Dungeon |  11306 |  10807 |    499 |   3399 |   6020 |   8 | 1413.2 |
        Temple |    470 |    417 |     53 |      0 |    415 |   1 |  470.0 |
         Sewer |    362 |    362 |      0 |     67 |    210 |   1 |  362.0 |
               +--------+--------+--------+--------+--------+-----+--------+

Top non-repeatable levels by time:
     D:7: 2909 daAuts
     D:8: 1342 daAuts
     D:6: 1275 daAuts
     D:2: 1207 daAuts
     D:1: 1165 daAuts
     D:4: 1150 daAuts
     D:3: 1134 daAuts
     D:5: 1121 daAuts
  Temple: 470 daAuts
   Sewer: 362 daAuts
